Map: Kairos Junction LE

Players

CyberViking - Winner!

  • Race: Terran Terran
  • League: Platinum
  • Spawn Location: 5:00

Smeeeger

  • Race: Zerg Zerg
  • League: Platinum
  • Spawn Location: 11:00

VOD

Have the link to the VOD?

Description

Time

  • Played on: July 12, 2019, 8:32 p.m.
  • Length: 20:49
Show
View Real Time Build Order
Export as new Build Order

CyberViking Terran - Winner!

Build Orders: Reaper Expand 

Get SALT Encoding   

  12  0:01  SCV  
  13  0:13  SCV  
  14  0:20  Supply Depot  
  14  0:25  SCV  
  15  0:42  SCV  
  16  0:47  Barracks  
  16  0:49  Refinery  
  16  0:54  SCV  
  17  1:06  SCV  
  18  1:18  SCV  
  19  1:34  Orbital Command  
  19  1:35  Reaper  
  20  1:44  Command Center  
  20  1:59  Supply Depot  
  20  2:02  SCV  
  21  2:15  SCV  
  22  2:25  Factory  
  21  2:30  SCV  
  21  2:31  Supply Depot  
  21  2:33  Refinery  
  22  2:43  SCV  
  23  2:51  Barracks Reactor  
  23  2:54  Supply Depot  
  23  2:57  Orbital Command  
  23  3:02  Supply Depot  
  23  3:13  SCV  
  24  3:25  SCV  
  25  3:27  Supply Depot  
  25  3:29  SCV  
  26  3:37  SCV  
  26  3:39  Hellion x2  
  31  3:43  SCV  
  32  3:49  SCV  
  32  3:55  SCV  
  34  3:57  Command Center  
  34  4:02  Factory  
  34  4:05  Factory  
  34  4:07  Hellion  
  34  4:08  SCV x2  
  38  4:13  Hellion  
  40  4:20  SCV  
  40  4:21  SCV  
  42  4:28  Hellion  
  42  4:29  Barracks Tech Lab  
  44  4:33  SCV x2  
  44  4:34  Hellion  
  44  4:38  Refinery  
  48  4:39  Refinery  
  48  4:47  SCV x2  
  48  4:49  Hellion  
  52  4:56  Hellion  
  54  5:04  SCV x2  
  56  5:11  Hellion  
  58  5:14  Orbital Command  
  58  5:15  Factory Tech Lab  
  58  5:16  Factory Tech Lab  
  58  5:17  Hellion  
  58  5:20  SCV x2  
  62  5:32  SCV x2  
  64  5:40  Hellion x2  
  64  5:41  Cyclone x2  
  74  5:43  SCV  
  74  5:44  SCV  
  74  5:47  Supply Depot x2  
  76  5:53  Infernal Pre-Igniter, Mag-Field Accelerator  
  76  5:55  SCV  
  76  5:57  Orbital Command  
  77  6:12  SCV x2  
  77  6:16  Supply Depot, Cyclone, Hellion x2  
  77  6:17  Cyclone  
  89  6:23  Factory  
  89  6:24  SCV x3  
  89  6:25  Factory  
  92  6:27  Factory  
  92  6:39  SCV  
  94  6:40  SCV x2  
  94  6:43  Hellion  
  94  6:44  Hellion  
  99  6:50  Armory  
  99  6:51  Armory, Engineering Bay  
  99  6:52  SCV  
  100  6:59  SCV x2  
  102  7:04  SCV  
  102  7:05  Supply Depot  
  103  7:11  SCV x2  
  101  7:22  SCV  
  93  7:23  SCV x2  
  94  7:32  Factory Tech Lab  
  94  7:33  Factory Tech Lab x2  
  94  7:43  SCV x3  
  87  7:55  SCV x2  
  85  8:01  SCV  
  85  8:03  Hellion x2  
  85  8:04  Cyclone x3  
  85  8:05  Cyclone x2  
  105  8:07  SCV x2  
  105  8:09  Supply Depot  
  107  8:13  SCV  
  107  8:19  SCV x2  
  110  8:24  Missile Turret  
  110  8:26  Missile Turret  
  110  8:27  Terran Vehicle Weapons Level 1  
  110  8:28  Terran Vehicle And Ship Armor Level 1  
  110  8:30  Missile Turret  
  110  8:32  Supply Depot  
  110  8:33  Refinery  
  110  8:34  Refinery  
  110  8:35  Hellion x2  
  110  8:38  Smart Servos  
  114  8:44  Factory  
  114  8:45  Factory  
  114  8:48  Cyclone x3  
  120  8:49  Cyclone  
  120  8:50  Hellion  
  128  9:02  Hellion x2  
  124  9:27  Cyclone x2, Hellion x2  
  124  9:28  Cyclone x2  
  140  9:35  Cyclone  
  136  9:50  Hellion x2  
  136  9:51  Factory Reactor x2  
  140  9:57  Factory, SCV  
  140  9:58  Factory  
  141  10:01  Supply Depot x2  
  141  10:14  Command Center  
  141  10:23  Hellion x2, SCV x2  
  132  10:32  Hellion  
  132  10:33  Hellion x3  
  132  10:35  Hellion x2  
  143  10:36  Hellion  
  129  10:51  Hellion x2  
  115  11:07  Hellion  
  115  11:08  Cyclone, Hellion x3  
  115  11:09  Cyclone x4  
  115  11:10  SCV x3  
  135  11:22  Hellion x2  
  135  11:23  Factory Reactor  
  135  11:24  Factory Reactor  
  135  11:25  Terran Vehicle Weapons Level 2  
  137  11:29  Hellion  
  139  11:33  SCV  
  139  11:34  SCV x2  
  139  11:39  Hellion x3  
  148  11:40  Cyclone  
  148  11:44  Hi-Sec Auto Tracking  
  151  11:49  Planetary Fortress  
  151  11:52  Missile Turret  
  151  11:54  Refinery  
  151  11:55  Refinery  
  151  12:04  Starport  
  151  12:06  Starport  
  151  12:07  Starport  
  151  12:13  Hellion x6  
  151  12:14  Cyclone x3  
  172  12:16  Command Center  
  172  12:24  Hellion x5  
  172  12:25  Supply Depot  
  172  12:26  Supply Depot x2  
  134  12:59  Hellion  
  134  13:00  Hellion x7  
  125  13:07  Hellion x3  
  125  13:08  Hellion x3  
  133  13:15  Hellion  
  131  13:21  Hellion x3  
  124  13:29  SCV x3  
  124  13:31  Hellion x2  
  124  13:32  Hellion x3  
  124  13:33  Cyclone x2  
  141  13:34  Starport Tech Lab  
  141  13:35  Starport Reactor  
  141  13:44  Hellion x3  
  141  13:45  Hellion  
  149  13:49  Starport Reactor  
  149  13:58  Command Center  
  149  14:02  Planetary Fortress  
  149  14:07  Refinery  
  149  14:11  Refinery  
  149  14:14  Missile Turret  
  149  14:26  Sensor Tower  
  149  14:31  Hellion  
  149  14:32  Hellion x5  
  149  14:33  Hellion  
  159  14:50  Hellion, Thor  
  159  14:51  Cyclone, Hellion  
  159  14:52  Cyclone  
  143  15:14  Hellion x2  
  143  15:15  Hellion x7  
  139  15:42  Hellion x6  
  136  15:43  Hellion x4  
  123  16:01  Cyclone, Hellion  
  123  16:02  Cyclone x2  
  123  16:03  SCV x3  
  131  16:18  Liberator x3  
  131  16:19  Liberator  
  131  16:21  Liberator, Command Center  
  146  16:44  Fusion Core  
  146  16:48  Terran Vehicle And Ship Armor Level 2  
  146  17:00  Command Center  
  146  17:06  Hellion x3  
  146  17:08  Hellion  
  154  17:10  Cyclone  
  157  17:21  Liberator x2  
  159  17:30  Hellion x5  
  159  17:31  Hellion x4  
  159  17:32  Cyclone x3  
  159  17:33  Cyclone  
  187  17:43  SCV x3  
  196  17:51  SCV  
  197  17:55  SCV x3  
  171  18:42  Liberator x5  
  171  18:45  Hellion  
  171  18:46  Hellion x12  
  171  18:47  Cyclone x2  
  139  19:07  Cyclone x3  
  148  19:19  Cyclone  
  148  19:20  Cyclone  
  148  19:24  Liberator, Hellion x2  
  148  19:25  Hellion x8  
  164  19:39  Hellion x2  
  164  19:40  Hellion  
  172  19:48  Planetary Fortress  
  172  20:13  Hellion  
  172  20:14  Hellion x6  
Show
View Real Time Build Order
Export as new Build Order

Smeeeger Zerg 

Build Orders: Hatch First 

Get SALT Encoding   

  12  0:00  Drone  
  13  0:13  Overlord  
  13  0:19  Drone  
  14  0:32  Drone x2  
  16  0:36  Drone  
  17  0:51  Drone  
  17  0:57  Hatchery  
  17  1:11  Spawning Pool  
  16  1:12  Drone  
  16  1:16  Drone  
  18  1:19  Drone  
  19  1:26  Extractor  
  19  1:32  Drone  
  19  1:40  Overlord  
  19  1:59  Queen  
  19  2:00  Zergling x2  
  22  2:05  Zergling x2  
  23  2:11  Queen  
  25  2:40  Drone x5  
  25  2:41  Drone  
  31  2:46  Queen, Metabolic Boost  
  33  2:53  Baneling Nest  
  33  2:58  Overlord x2  
  32  3:21  Drone x2  
  32  3:22  Drone x3  
  32  3:24  Overlord  
  37  3:30  Hatchery  
  36  3:38  Drone x3  
  36  3:39  Drone  
  40  3:47  Baneling x2  
  40  3:51  Overlord  
  40  3:52  Drone  
  41  3:55  Extractor  
  40  4:03  Roach Warren  
  40  4:05  Evolution Chamber  
  40  4:06  Baneling  
  39  4:17  Drone x2  
  39  4:18  Drone  
  39  4:19  Drone x2  
  43  4:26  Drone x2  
  43  4:27  Drone  
  43  4:28  Drone  
  47  4:38  Spore Crawler  
  47  4:40  Spore Crawler  
  47  4:41  Drone x2  
  47  4:42  Drone x2, Queen  
  50  4:47  Zergling x4  
  52  5:03  Roach x5  
  52  5:04  Roach  
  63  5:20  Drone x3  
  63  5:21  Drone  
  67  5:24  Baneling x2  
  67  5:26  Roach x3  
  73  5:37  Extractor  
  72  5:46  Drone  
  72  5:47  Overlord x3  
  73  5:59  Zerg Missile Weapons Level 1  
  73  6:04  Overlord x4  
  73  6:05  Overlord x2  
  73  6:06  Drone x3  
  73  6:09  Lair  
  76  6:12  Drone x4  
  76  6:17  Roach x4  
  88  6:21  Overlord  
  88  6:42  Spore Crawler, Drone x6  
  88  6:43  Drone x2  
  95  6:49  Hatchery  
  86  7:24  Zergling x12  
  86  7:25  Roach  
  86  7:28  Roach x5  
  100  7:47  Baneling x6, Centrifical Hooks  
  100  7:49  Glial Reconstitution  
  100  7:50  Roach  
  94  7:52  Roach x5  
  94  7:53  Overlord x2  
  94  7:54  Zergling x8  
  100  8:06  Queen  
  100  8:08  Roach x5  
  100  8:11  Extractor  
  111  8:13  Extractor  
  111  8:18  Spine Crawler  
  109  8:20  Spine Crawler  
  109  8:22  Extractor  
  109  8:25  Roach, Extractor  
  108  8:27  Roach, Spine Crawler, Extractor  
  108  8:28  Roach x4  
  116  8:39  Roach x3  
  122  8:41  Drone x2  
  122  8:42  Drone x5  
  122  8:43  Overlord x4  
  122  8:44  Drone x2  
  131  8:50  Drone  
  131  8:54  Hydralisk Den  
  131  9:08  Spore Crawler, Drone x5  
  131  9:09  Drone x3  
  138  9:11  Drone  
  130  9:26  Zergling x2  
  130  9:27  Zergling x18  
  130  9:29  Baneling  
  137  9:31  Ravager  
  137  9:32  Ravager x4  
  130  9:53  Baneling  
  130  9:54  Baneling x13  
  130  9:57  Hydralisk x3  
  136  10:07  Hydralisk, Drone x3  
  136  10:08  Hydralisk x3  
  141  10:33  Hydralisk  
  141  10:34  Hydralisk x7  
  120  10:56  Muscular Augments  
  112  10:57  Zerg Missile Weapons Level 2  
  112  10:59  Zergling x12  
  112  11:00  Zergling x10  
  107  11:13  Hydralisk x4  
  115  11:19  Hatchery, Drone  
  115  11:20  Drone x2  
  115  11:23  Drone  
  118  11:26  Baneling x14  
  118  11:29  Overseer  
  118  11:32  Zergling x10  
  123  11:33  Zergling x10  
  123  11:37  Evolution Chamber  
  127  11:40  Infestation Pit  
  127  11:41  Drone  
  127  11:46  Hydralisk x4  
  135  12:03  Spine Crawler  
  135  12:04  Spine Crawler  
  135  12:05  Zerg Ground Armor Level 1  
  135  12:07  Grooved Spines  
  133  12:10  Hydralisk x6  
  133  12:11  Hydralisk  
  147  12:19  Hive  
  147  12:20  Zergling x8  
  147  12:21  Zergling x10  
  156  12:29  Baneling x5  
  156  12:30  Baneling x4  
  156  12:31  Drone x2  
  156  12:34  Drone x3  
  103  13:18  Zergling x10  
  103  13:19  Hydralisk x9, Zergling x22  
  121  13:28  Spine Crawler  
  121  13:29  Hydralisk x6  
  121  13:30  Spine Crawler  
  129  13:35  Zerg Missile Weapons Level 3  
  129  13:40  Baneling x14  
  129  13:41  Baneling x5, Queen  
  129  13:42  Drone x6  
  129  13:45  Hydralisk x2  
  141  14:03  Hydralisk x7  
  141  14:04  Hydralisk  
  157  14:13  Pathogen Glands  
  157  14:16  Queen, Zergling x2  
  162  14:17  Zergling x28  
  162  14:19  Baneling  
  162  14:20  Baneling x7  
  172  14:38  Hatchery  
  166  14:52  Burrow  
  163  14:54  Baneling x10  
  163  14:55  Hydralisk x8  
  162  15:16  Zergling x18  
  162  15:17  Zergling x28  
  146  15:37  Zergling x14  
  140  15:45  Lair  
  140  15:46  Hydralisk x7, Lair x2  
  140  15:47  Hydralisk  
  119  16:09  Baneling  
  119  16:10  Baneling x7  
  119  16:11  Hydralisk x11  
  108  16:12  Hydralisk  
  132  16:22  Drone x5  
  132  16:23  Drone x2  
  132  16:25  Spore Crawler, Extractor x2  
  138  16:28  Drone x4  
  138  16:29  Drone x2  
  142  16:33  Hydralisk  
  144  16:41  Hatchery  
  144  16:42  Hatchery x2  
  144  16:43  Hydralisk x3  
  144  16:44  Hatchery, Hydralisk  
  148  17:01  Evolution Chamber, Spine Crawler  
  148  17:03  Zerg Ground Armor Level 2  
  148  17:04  Evolution Chamber  
  145  17:12  Hydralisk x6, Extractor  
  145  17:14  Hydralisk  
  158  17:24  Spire  
  158  17:25  Zerg Melee Weapons Level 1  
  157  17:31  Drone  
  157  17:32  Drone x3, Extractor  
  157  17:33  Queen  
  157  17:36  Zergling x2  
  163  17:37  Viper x2  
  163  17:43  Evolution Chamber  
  169  17:44  Zergling x4  
  169  17:46  Evolution Chamber, Zergling x2  
  169  17:50  Pneumatized Carapace  
  170  17:57  Hydralisk x2  
  174  18:00  Hydralisk  
  176  18:06  Adrenal Glands  
  176  18:13  Hydralisk  
  176  18:14  Hydralisk x2  
  171  18:32  Queen  
  125  18:49  Zergling x28  
  125  18:50  Zergling x6  
  125  18:55  Hydralisk  
  123  19:05  Hydralisk x4  
  123  19:07  Zergling x2  
  113  19:37  Greater Spire  
  108  19:39  Roach  
  108  19:40  Roach x7  
  108  19:42  Hydralisk  
  119  20:01  Roach  
  119  20:02  Roach  
  119  20:05  Zergling x2  
  120  20:12  Infestor  
  122  20:19  Drone x2  
  122  20:21  Zergling x4  
  126  20:24  Hydralisk  
  126  20:27  Drone  
  126  20:28  Drone  
Tags
 
Add a new tag
Caveats
  • Supply blocks, unpowered buildings, or Contaminate may cause inaccurate times.
  • Supply counts are checked every 10 seconds.